 Dungeon Crawl Stone Soup version 0.21.1-77-g46dbe93 (webtiles) character file.

204118 toffzen the Imperceptible (level 18, -4/98 HPs)
             Began as a Spriggan Enchanter on Aug 17, 2018.
             Was an Initiate of Gozag.
             Slain by a catoblepas (12 damage)
             ... led by Polyphemus
             ... on level 4 of the Shoals on Aug 23, 2018.
             The game lasted 03:36:37 (48031 turns).

toffzen the Imperceptible (Spriggan Enchanter)     Turns: 48031, Time: 03:36:38

Health: -4/98      AC:  9    Str:  5    XL:     18   Next: 0%
Magic:  9/34       EV:  4    Int: 29    God:    Gozag
Gold:   10999      SH:  0    Dex: 19    Spells: 10/39 levels left

rFire    + + .     SeeInvis +   b - +7 dagger (elec)
rCold    + . .     Gourm    .   N - +2 buckler {reflect}
rNeg     + + +     Faith    .   V - +1 robe of the Cockatrice {rElec rPois Regen+ Stlth-}
rPois    ∞         Spirit   .   n - +4 hat of the Wheelwright {*Slow rF+ SInv}
rElec    +         Reflect  +   w - +1 cloak {MR+}
rCorr    .         Harm     .   (gloves unavailable)
MR       ++++.                  (boots unavailable)
Stlth    +++++++...             J - amulet "Etil" {rN+ Regen+ Dex+5}
HPRegen  1.06/turn              S - ring "Lera" {+Fly rC+ Int+2 Dex-3}
MPRegen  0.24/turn              j - ring of Hepliaklqana's Pride {rPois rF+ rN+ Int+4}

@: petrified, very quick
A: very small, unfitting armour, see invisible, herbivore, speed 3, slow
metabolism 2
}: 1/15 runes: serpentine
a: Potion Petition, Call Merchant, Bribe Branch, Renounce Religion, Evoke Flight


You were on level 4 of the Shoals.
You worshipped Gozag.
Gozag was extremely pleased with you.
You were not hungry.

You visited 5 branches of the dungeon, and saw 31 of its levels.

You collected 13628 gold pieces.
You spent 2477 gold pieces at shops.
You paid 152 gold pieces to Gozag.

Inventory:

Hand Weapons
 a - the +9 short sword "Iwoddys" {freeze, MP+9 Int+4 Dex+4}
   (You found it on level 15 of the Dungeon)

   It has been specially enchanted to freeze those struck by it, causing extra
   injury to most foes and up to half again as much damage against particularly
   susceptible opponents.
   It can also slow down cold-blooded creatures.
   It affects your intelligence (+4).
   It affects your dexterity (+4).
   It affects your magic capacity (+9).
 b - a +7 dagger of electrocution (weapon)
Missiles
 m - 1050 stones (quivered)
 p - 356 sling bullets
 E - 9 throwing nets
Armour
 n - the +4 hat of the Wheelwright (worn) {*Slow rF+ SInv}
   (You found it on level 6 of the Lair of Beasts)

   It protects you from fire.
   It lets you see invisible.
   It may slow you when you take damage.
 w - a +1 cloak of magic resistance (worn)
 N - a +2 buckler of reflection (worn)
 V - the +1 robe of the Cockatrice (worn) {rElec rPois Regen+ Stlth-}
   (You took it off an orc on level 6 of the Dungeon)

   It insulates you from electricity.
   It protects you from poison.
   It increases your rate of regeneration.
   It makes you less stealthy.
Jewellery
 j - the ring of Hepliaklqana's Pride (right hand) {rPois rF+ rN+ Int+4}
   (You found it on level 15 of the Dungeon)

   [ring of protection from fire]

   It affects your intelligence (+4).
   It protects you from fire.
   It protects you from poison.
   It protects you from negative energy.
 J - the amulet "Etil" (around neck) {rN+ Regen+ Dex+5}
   (You bought it in a shop on level 2 of the Snake Pit)

   [amulet of regeneration]

   It affects your dexterity (+5).
   It protects you from negative energy.
   It increases your rate of regeneration.
 P - the ring of Surprise {rPois rN+ MR+ SInv}
   (You found it on level 15 of the Dungeon)

   [ring of protection from magic]

   It protects you from poison.
   It protects you from negative energy.
   It affects your resistance to hostile enchantments.
   It lets you see invisible.
 S - the ring "Lera" (left hand) {+Fly rC+ Int+2 Dex-3}
   (You found it on level 3 of the Lair of Beasts)

   [ring of flight]

   It affects your intelligence (+2).
   It affects your dexterity (-3).
   It protects you from cold.
   It lets you fly.
Wands
 l - a wand of clouds (5)
 r - a wand of iceblast (8)
 R - a wand of disintegration (17)
 U - a wand of acid (14)
Scrolls
 c - 2 scrolls of silence
 e - 17 scrolls of remove curse
 f - 4 scrolls of fear
 g - 9 scrolls of amnesia
 i - 13 scrolls of teleportation
 o - a scroll of blinking
 q - 3 scrolls of magic mapping
 y - 9 scrolls of fog
 A - a scroll of enchant armour
 G - a scroll of torment
 H - a scroll of brand weapon
 L - a scroll of summoning
 M - 2 scrolls of vulnerability
 Q - 7 scrolls of immolation
 Z - a scroll of holy word
Potions
 k - 10 potions of haste
 s - 4 potions of heal wounds
 u - 6 potions of curing
 v - 6 potions of lignification
 x - 2 potions of berserk rage
 z - 6 potions of brilliance
 B - 3 potions of ambrosia
 C - 4 potions of flight
 D - 3 potions of mutation
 F - 6 potions of invisibility
 I - a potion of resistance
 K - 2 potions of magic
 O - 2 potions of might
 X - 2 potions of cancellation
 Y - 2 potions of agility
Books
 T - a book of Ice

   Spells                             Type                      Level
   a - Ice Form                       Ice/Transmutation            4
   b - Metabolic Englaciation         Hexes/Ice                    5
   c - Ozocubu's Refrigeration        Ice                          6
   d - Bolt of Cold                   Conjuration/Ice              6
   e - Freezing Cloud                 Conjuration/Ice/Air          6
   f - Simulacrum                     Ice/Necromancy               6
 W - a book of Minor Magic

   Spells                             Type                      Level
   a - Magic Dart                     Conjuration                  1
   b - Blink                          Translocation                2
   c - Call Imp                       Summoning                    2
   d - Slow                           Hexes                        2
   e - Conjure Flame                  Conjuration/Fire             3
   f - Mephitic Cloud                 Conjuration/Poison/Air       3
Miscellaneous
 h - 2 sacks of spiders
 t - a lightning rod (4/4)
Comestibles
 d - 30 rations


   Skills:
 + Level 12.5 Fighting
 + Level 9.4 Short Blades
 + Level 19.7 Dodging
 + Level 21.7 Stealth
 + Level 5.3 Shields
 - Level 11.2 Spellcasting
 - Level 12.0 Hexes
 - Level 8.8 Summonings
 - Level 5.0 Ice Magic
 - Level 4.0 Air Magic


You had 10 spell levels left.
You knew the following spells:

 Your Spells              Type           Power        Failure   Level  Hunger
a - Corona                Hex            ######.      1%          1    None
b - Ensorcelled Hibernat  Hex/Ice        ######       1%          2    None
c - Confuse               Hex            ######..     1%          3    None
d - Dazzling Spray        Conj/Hex       ######       1%          3    None
e - Summon Lightning Spi  Summ/Air       ######..     2%          4    None
f - Summon Ice Beast      Ice/Summ       ######..     1%          4    None
g - Tukima's Dance        Hex            ######..     1%          3    None
h - Apportation           Tloc           ###...       3%          1    None
i - Invisibility          Hex            ######..     4%          6    #####..
j - Passwall              Tmut/Erth      ###.......   5%          2    None


Dungeon Overview and Level Annotations

Branches:
Dungeon (15/15)            Temple (0/1) D:7            Lair (6/6) D:8
 Shoals (4/4) Lair:3        Snake (4/4) Lair:3        Slime (0/5) Lair:6
    Orc (2/2) D:9             Elf (0/3) Orc:2        Vaults (0/5) D:14
 Depths (0/5) D:15

Altars:
Gozag
Kikubaaqudgha
Makhleb
Okawaru
Ru
Sif Muna
Uskayaw
Xom
Yredelemnul
Zin
The Shining One
Beogh
Jiyva

Shops:
D:6 }=%*!   D:9 (   Orc:2 (%[(   Shoals:2 :   Snake:1 [   Snake:2 }==

Annotations:
D:1 1 runed door
D:4 Eustachio; wojtek's ghost, amateur MiFi
Lair:4 Kirke
Lair:6 exclusion: 3 oklob plants
Snake:4 Vashnia
Orc:1 2 runed doors, exclusion: orange crystal statue


Innate Abilities, Weirdness & Mutations

You are very small and have problems with some larger weapons.
You are too small for most types of armour.
You have supernaturally acute eyesight. (SInv)
You are a herbivore.
You cover ground extremely quickly.
You need consume almost no food.


Message History

The wind drake exhales a fierce blast of wind!
You are blown backwards!
The manticore and the death yak are blown away by the wind.
The manticore is no longer petrified.
The catoblepas gores you!!
The snapping turtle bites you from afar!!
The death yak bellows! x2
The manticore seems less confused.
The catoblepas gores you.
The snapping turtle bites you from afar!!
* * * LOW HITPOINT WARNING * * *
The wind drake bites you.
* * * LOW HITPOINT WARNING * * *
The catoblepas gores you.
* * * LOW HITPOINT WARNING * * *
The snapping turtle bites you from afar!!
* * * LOW HITPOINT WARNING * * *
The wind drake bites you but does no damage.
The catoblepas gores you!!
You die...
Your body crumbles into a pile of gold.

.........# #.).≈)≈≈≈≈≈
.........###[$.≈≈≈≈≈≈≈
.............<.$≈≈≈≈≈≈
...............≈≈≈≈≈≈≈
....)...≈....$$≈≈..≈≈≈
.............≈≈......≈
$...................#
....................≈
..........@........≈.
........YYk≈.....≈≈#
.≈≈....tY≈≈?....≈≈
.≈≈≈.!..H≈≈≈≈≈≈≈≈≈
.#≈##...≈≈≈≈≈≈≈≈≈≈ #
#..<≈≈≈≈≈≈≈≈≈≈
#..##≈≈≈≈≈≈≈≈≈≈≈ ...
#≈≈≈≈≈≈≈≈≈≈≈ #.
≈≈≈≈≈≈≈≈≈≈≈≈


You could see 2 death yaks, a catoblepas, a snapping turtle, a wind drake and a
manticore.

Vanquished Creatures
  Rupert (D:14)
  A tengu reaver (D:15)
  A nagaraja (Snake:4)
  A frost giant (Shoals:3)
  An orc warlord (D:9)
  A stone giant (Orc:1)
  Azrael (D:13)
  4 ettins (D:15)
  Snorg (Lair:4)
  2 great orbs of eyes (D:15)
  5 merfolk impalers
  A yaktaur captain (D:15)
  5 hydras
  9 naga warriors
  Fannar (Lair:1)
  4 vault guards (D:15)
  Harold (Lair:1)
  13 anacondas
  5 centaur warriors
  A merfolk aquamancer (Shoals:4)
  8 two-headed ogres
  A deep troll shaman (D:15)
  3 merfolk avatars
  2 tengu warriors
  6 shock serpents
  7 death yaks
  4 naga sharpshooters (Snake:4)
  Nergalle (D:10)
  3 salamander mystics
  2 skeletal warriors (D:13)
  11 sea snakes
  4 unseen horrors
  A flayed ghost (D:15)
  4 naga ritualists
  4 wizards
  The ghost of Mesmaeker13 the Chiller, a novice OpIE (D:7)
  A necromancer (D:14)
  A phantasmal warrior (D:14)
  8 deep elf magi
  4 harpies (Shoals:3)
  4 orc knights
  5 salamanders
  12 cyclopes
  A wolf spider (D:15)
  9 fauns
  4 mana vipers
  7 ugly things
  14 manticores
  2 elephants
  Joseph (D:7)
  9 guardian serpents (Snake:4)
  3 centaur zombies
  3 merfolk sirens
  33 black mambas
  Psyche (D:9)
  16 naga magi
  A gargoyle (D:15)
  4 centaur skeletons
  2 rime drakes
  11 spiny frogs
  9 komodo dragons
  A yaktaur (D:15)
  9 polar bears
  A harpy zombie (D:14)
  4 wind drakes
  14 merfolk
  A queen bee (Lair:2)
  6 trolls
  5 hornets
  23 blink frogs
  5 dream sheep
  4 slime creatures
  9 snapping turtles
  20 hippogriffs
  A meliai zombie (D:15)
  4 shadows
  Sigmund (D:2)
  11 spriggans
  2 water elementals
  5 wyverns
  A wraith (D:15)
  4 hogs
  45 yaks
  A hungry ghost (D:10)
  A steam dragon (Lair:4)
  5 basilisks
  2 vampire mosquitoes (D:13)
  Menkaure (D:4)
  29 nagas
  6 wargs
  A soldier ant (D:13)
  4 hell hounds
  23 water moccasins
  3 acid dragons
  2 floating eyes (D:15)
  7 porcupines
  33 orc warriors
  5 sky beasts
  2 ice beasts
  A black bear (Lair:6)
  6 necrophages
  6 phantoms
  2 eyes of draining
  An eye of draining (shapeshifter) (D:13)
  30 wolves
  11 ogres
  3 boggarts
  12 centaurs
  12 crocodiles
  2 big kobolds
  26 bullfrogs
  7 scorpions
  A wyvern skeleton (D:12)
  31 killer bees
  3 wights (D:11)
  An electric eel (Lair:3)
  A howler monkey (D:14)
  7 crimson imps
  6 bullfrog zombies
  2 hounds
  15 orc priests
  18 orc wizards
  Crazy Yiuf (D:2)
  Jessica (D:2)
  An iguana (D:14)
  Ijyb (D:5)
  12 worker ants
  Terence (D:2)
  2 hound zombies
  A howler monkey zombie (D:7)
  7 gnolls
  A river rat (Lair:2)
  15 adders
  6 shadow imps
  An ooze (D:2)
  An adder zombie (D:7)
  An adder skeleton (D:8)
  A worm (shapeshifter) (D:13)
  2 worms
  7 leopard geckos
  76 orcs
  5 ball pythons
  3 bats
  2 giant cockroaches
  10 goblins
  5 hobgoblins
  9 jackals
  13 kobolds
  4 quokkas
  5 frilled lizards
  A jackal zombie (D:6)
  8 rats
994 creatures vanquished.

Vanquished Creatures (collateral kills)
  3 nagarajas
  2 merfolk impalers
  4 naga warriors
  A catoblepas (Lair:6)
  2 merfolk avatars
  A death knight (D:14)
  5 naga sharpshooters (Snake:4)
  5 orc high priests
  2 shock serpents
  A sea snake (Shoals:4)
  A skeletal warrior (D:13)
  A naga ritualist (Snake:3)
  2 mana vipers
  2 salamanders (Snake:3)
  An ugly thing (D:14)
  An orc sorcerer (Orc:2)
  3 cyclopes
  3 merfolk sirens (Shoals:4)
  4 black mambas
  A water nymph (Shoals:1)
  7 naga magi
  2 guardian serpents (Snake:4)
  2 freezing wraiths (D:14)
  2 trolls
  2 merfolk
  8 dream sheep
  A snapping turtle (Shoals:4)
  A water elemental (Shoals:4)
  A wraith (D:14)
  A fire elemental (D:15)
  4 yaks (Lair:3)
  2 wargs (Orc:2)
  22 nagas
  7 orc warriors (Orc:2)
  3 ogres
  2 centaurs (D:12)
  18 orc priests
  9 orc wizards
  14 orcs
153 creatures vanquished.

Vanquished Creatures (others)
  4 dancing weapons (Snake:4)
  A naga (Snake:4)
  A howler monkey (D:14)
  An orc wizard (D:14)
  5 fungi
  12 plants
24 creatures vanquished.

Grand Total: 1171 creatures vanquished

Notes
Turn   | Place    | Note
-------+----------+-------------------------------------------
     0 | D:1      | toffzen the Spriggan Enchanter began the quest for the Orb.
     0 | D:1      | Reached XP level 1. HP: 9/9 MP: 5/5
     1 | D:1      | Found a runed door.
   318 | D:1      | Reached XP level 2. HP: 13/13 MP: 7/7
   335 | D:1      | Learned a level 2 spell: Ensorcelled Hibernation
   591 | D:1      | Reached skill level 5 in Stealth
   929 | D:2      | Noticed Terence
   936 | D:2      | Killed Terence
   936 | D:2      | Reached XP level 3. HP: 16/16 MP: 8/8
   957 | D:2      | Learned a level 3 spell: Confuse
  1203 | D:2      | Noticed Sigmund
  1445 | D:2      | Killed Sigmund
  1445 | D:2      | Reached skill level 1 in Fighting
  1445 | D:2      | Reached skill level 6 in Stealth
  1445 | D:2      | Reached skill level 5 in Hexes
  1445 | D:2      | Reached XP level 4. HP: 22/22 MP: 7/11
  1445 | D:2      | Reached XP level 5. HP: 25/25 MP: 7/12
  1681 | D:2      | Noticed Jessica
  1687 | D:2      | Killed Jessica
  1784 | D:2      | Found a runed door.
  1788 | D:2      | Noticed Crazy Yiuf
  1801 | D:2      | Killed Crazy Yiuf
  1801 | D:2      | Reached XP level 6. HP: 30/30 MP: 9/13
  2707 | D:3      | Noticed a dagger
  2708 | D:3      | Noticed a hand axe
  2711 | D:3      | Found a hide-covered altar of Uskayaw.
  2715 | D:3      | Found a glowing silver altar of Zin.
  2947 | D:3      | Found a glowing golden altar of the Shining One.
  2951 | D:3      | Found a burning altar of Makhleb.
  3100 | D:4      | Noticed wojtek's ghost (amateur MiFi)
  3358 | D:4      | Noticed Eustachio
  3575 | D:3      | Reached skill level 7 in Stealth
  3990 | D:5      | Entered Level 5 of the Dungeon
  4349 | D:5      | Learned a level 3 spell: Dazzling Spray
  4463 | D:5      | Noticed Ijyb
  4481 | D:5      | Killed Ijyb
  4537 | D:5      | Noticed a sky beast
  4550 | D:5      | Killed a sky beast
  4550 | D:5      | Reached skill level 5 in Dodging
  4550 | D:5      | Reached skill level 5 in Spellcasting
  4550 | D:5      | Reached XP level 7. HP: 35/35 MP: 9/15
  5437 | D:6      | Reached skill level 8 in Stealth
  5690 | D:6      | Reached XP level 8. HP: 20/39 MP: 6/17
  5996 | D:6      | Found Enoefaume's Gadget Emporium.
  6107 | D:6      | Found Jeokhlic's Food Shop.
  6118 | D:6      | Found Fiwnoaro's Jewellery Shoppe.
  6684 | D:6      | Found Ygoa's Distillery.
  6699 | D:6      | Bought a potion of heal wounds for 70 gold pieces
  6699 | D:6      | Bought a potion of heal wounds for 70 gold pieces
  6699 | D:6      | Bought a potion of haste for 140 gold pieces
  6738 | D:6      | Found Kaphiwah's General Store.
  6834 | D:7      | Noticed Joseph
  6854 | D:7      | Killed Joseph
  6854 | D:7      | Reached skill level 9 in Stealth
  6935 | D:7      | Noticed Mesmaeker13's ghost (novice OpIE)
  6949 | D:7      | Killed Mesmaeker13's ghost
  6949 | D:7      | Reached XP level 9. HP: 43/45 MP: 9/18
  7067 | D:7      | Reached skill level 10 in Stealth
  7200 | D:7      | Got a dazzling trident
  7536 | D:7      | Found a staircase to the Ecumenical Temple.
  7916 | D:7      | Found an opulent altar of Gozag.
  8368 | D:8      | Noticed a two-headed ogre
  8491 | D:8      | Found a staircase to the Lair.
  8587 | D:8      | Found a shimmering altar of Xom.
  8592 | D:8      | Found a shimmering altar of Xom.
  8592 | D:8      | Found a shimmering altar of Xom.
  8599 | D:8      | Found a shimmering altar of Xom.
  8600 | D:8      | Found a shimmering altar of Xom.
  8600 | D:8      | Found a shimmering altar of Xom.
  8625 | D:8      | Noticed a two-headed ogre
  8673 | D:8      | Killed a two-headed ogre
  8673 | D:8      | Reached skill level 5 in Short Blades
  8812 | D:8      | Reached skill level 5 in Fighting
  8919 | D:8      | Reached skill level 11 in Stealth
  8975 | D:8      | Killed a two-headed ogre
  8975 | D:8      | Reached XP level 10. HP: 33/51 MP: 3/19
  9114 | D:8      | Noticed a salamander
  9378 | D:4      | Noticed Menkaure
  9392 | D:4      | Killed Menkaure
  9432 | D:4      | Found an iron altar of Okawaru.
  9981 | D:7      | Became a worshipper of Gozag Ym Sagoz the Greedy
 10260 | D:4      | Found a basalt altar of Yredelemnul.
 10480 | D:9      | Found a staircase to the Orcish Mines.
 10480 | D:9      | Found Kojeehon's Weapon Emporium.
 10786 | D:9      | Reached skill level 10 in Dodging
 10940 | D:9      | You fall through a shaft for 3 floors!
 10941 | D:12     | Found a frozen archway.
 11065 | D:12     | Noticed a manticore
 11318 | D:10     | Entered Level 10 of the Dungeon
 11326 | D:10     | Reached skill level 12 in Stealth
 11453 | D:9      | Noticed Psyche
 11454 | D:9      | Killed Psyche
 12092 | D:6      | Got a slimy robe
 12105 | D:6      | Identified the cursed +1 robe of the Cockatrice {rElec rPois Regen+ Stlth-} (You took it off an orc on level 6 of the Dungeon)
 12288 | D:10     | Noticed Nergalle
 12401 | D:10     | Killed Nergalle
 12401 | D:10     | Reached skill level 10 in Hexes
 12974 | D:10     | Reached XP level 11. HP: 58/58 MP: 20/20
 13310 | D:11     | Noticed an unseen horror
 13320 | D:11     | Reached skill level 13 in Stealth
 13329 | D:11     | Killed an unseen horror
 14142 | D:11     | Noticed an unseen horror
 14150 | D:11     | Killed an unseen horror
 14393 | Lair:1   | Entered Level 1 of the Lair of Beasts
 14413 | Lair:1   | Noticed Harold
 14419 | Lair:1   | Killed Harold
 14650 | Lair:1   | Reached skill level 14 in Stealth
 14798 | Lair:1   | Learned a level 4 spell: Summon Lightning Spire
 14983 | Lair:1   | Noticed Fannar
 15006 | Lair:1   | Killed Fannar
 15006 | Lair:1   | Reached skill level 1 in Summonings
 15006 | Lair:1   | Reached skill level 1 in Air Magic
 15776 | Lair:2   | Reached XP level 12. HP: 63/63 MP: 21/21
 16803 | Lair:2   | Reached skill level 15 in Stealth
 17251 | Lair:3   | Found a staircase to the Snake Pit.
 17401 | Lair:3   | Got a fine lapis lazuli ring
 17403 | Lair:3   | Identified the ring "Lera" {+Fly rC+ Int+2 Dex-3} (You found it on level 3 of the Lair of Beasts)
 17523 | Lair:3   | Noticed a death yak
 17642 | Lair:3   | Noticed a five-headed hydra
 18040 | Lair:3   | Noticed a death yak
 18041 | Lair:3   | Noticed a death yak
 18052 | Lair:3   | Noticed a death yak
 18077 | Lair:3   | Killed a death yak
 18553 | Lair:3   | Killed a death yak
 18579 | Lair:3   | Killed a death yak
 18885 | Lair:3   | Reached XP level 13. HP: 69/69 MP: 22/22
 19095 | Lair:3   | Found a staircase to the Shoals.
 19261 | Lair:3   | Reached skill level 16 in Stealth
 20416 | Lair:4   | Reached skill level 5 in Summonings
 21180 | Lair:4   | Reached skill level 15 in Dodging
 21302 | Lair:5   | Noticed Snorg
 21995 | Lair:5   | Reached skill level 17 in Stealth
 22042 | Lair:5   | Noticed Kirke
 22143 | Lair:4   | Killed Snorg
 22843 | Lair:6   | Entered Level 6 of the Lair of Beasts
 23030 | Lair:5   | Upgraded the game from 0.21.1-74-g47da925 to 0.21.1-76-ge1a4835
 23164 | Lair:6   | Found a viscous altar of Jiyva.
 23165 | Lair:6   | Found a staircase to the Slime Pits.
 23466 | Lair:6   | Reached XP level 14. HP: 76/76 MP: 23/23
 23900 | Lair:6   | Reached skill level 10 in Fighting
 25297 | Lair:5   | Reached skill level 18 in Stealth
 25520 | Lair:6   | Got a transparent hat
 25542 | Lair:6   | Identified the +4 hat of the Wheelwright {*Slow rF+ SInv} (You found it on level 6 of the Lair of Beasts)
 27544 | D:13     | Identified the Incunabulum of Axaxaxas mlö
 27581 | D:13     | Reached skill level 1 in Ice Magic
 27633 | D:13     | Identified Ts'ui Pên's Handbook of Forking Paths
 27641 | D:13     | Noticed Azrael
 27665 | D:13     | Killed Azrael
 28308 | D:13     | Found a deep blue altar of Sif Muna.
 28451 | D:13     | Identified Poeggiaw's Volume of Dhcmrlchtdj
 28523 | D:13     | Found a hide-covered altar of Uskayaw.
 29485 | D:14     | Noticed Rupert
 29894 | D:14     | Killed Rupert
 29968 | D:14     | Found a sacrificial altar of Ru.
 30128 | D:14     | Reached XP level 15. HP: 81/81 MP: 24/26
 30425 | D:14     | Found a gate to the Vaults.
 30704 | D:14     | Reached skill level 19 in Stealth
 31168 | D:15     | Entered Level 15 of the Dungeon
 31198 | D:15     | Upgraded the game from 0.21.1-76-ge1a4835 to 0.21.1-77-g46dbe93
 31301 | D:15     | Learned a level 4 spell: Summon Ice Beast
 31561 | D:15     | Found an ancient bone altar of Kikubaaqudgha.
 31659 | D:15     | Learned a level 3 spell: Tukima's Dance
 31685 | D:15     | Paralysed by a floating eye for 3 turns
 31721 | D:15     | Paralysed by a floating eye for 2 turns
 31820 | D:15     | Learned a level 1 spell: Apportation
 31907 | D:15     | Found a deep blue altar of Sif Muna.
 32441 | D:15     | Found a glowing silver altar of Zin.
 32531 | D:15     | Got a steaming amber ring
 32533 | D:15     | Identified the +9 short sword "Iwoddys" {freeze, MP+9 Int+4 Dex+4} (You found it on level 15 of the Dungeon)
 32538 | D:15     | Identified the ring of Surprise {rPois rN+ MR+ SInv} (You found it on level 15 of the Dungeon)
 32754 | D:15     | Found a staircase to the Depths.
 32843 | D:15     | Got a steaming turquoise ring
 32845 | D:15     | Identified the ring of Hepliaklqana's Pride {rPois rF+ rN+ Int+4} (You found it on level 15 of the Dungeon)
 32902 | D:15     | Noticed a tengu reaver
 33027 | D:15     | Killed a tengu reaver
 33139 | D:15     | Got a transparent bronze ring
 33141 | D:15     | Identified the ring of Kasoife {Wiz rPois} (You found it on level 15 of the Dungeon)
 33352 | Orc:1    | Entered Level 1 of the Orcish Mines
 33497 | Orc:2    | Entered Level 2 of the Orcish Mines
 33517 | Orc:2    | Noticed an orc warlord
 33620 | D:9      | Killed an orc warlord
 33673 | Orc:1    | Reached XP level 16. HP: 76/88 MP: 30/30
 33797 | Orc:1    | Reached skill level 1 in Shields
 34108 | Orc:2    | Found a staircase to the Elven Halls.
 34433 | Orc:2    | Found Hoekliv's Food Shoppe.
 34433 | Orc:2    | Found Opyerghou's Weapon Shoppe.
 34434 | Orc:2    | Found Nyj Zics's Antique Armour Emporium.
 34444 | Orc:2    | Found Ifiydgh's Weapon Emporium.
 35140 | Orc:1    | Found a runed door.
 35304 | Orc:1    | Found a runed door.
 35462 | Orc:1    | Found a roughly hewn altar of Beogh.
 35853 | Orc:1    | Found the +10 large shield of Ignorance {rN+ Int-4}
 36112 | Lair:3   | Reached skill level 5 in Ice Magic
 36127 | Snake:1  | Entered Level 1 of the Snake Pit
 36432 | Snake:1  | Found Ycecuk's Antique Armour Shop.
 36435 | Snake:1  | Bought a runed cloak for 255 gold pieces
 36628 | Snake:1  | You fall through a shaft!
 37357 | Snake:2  | Found Sas Bate's Gadget Emporium.
 37357 | Snake:2  | Found Vecacwif's Jewellery Boutique.
 37358 | Snake:2  | Reached skill level 20 in Stealth
 37359 | Snake:2  | Found Kuguor's Jewellery Boutique.
 37387 | Snake:2  | Bought the amulet "Etil" {rN+ Regen+ Dex+5} for 517 gold pieces
 38380 | Snake:3  | Reached skill level 10 in Spellcasting
 39389 | Snake:4  | Entered Level 4 of the Snake Pit
 39669 | Snake:4  | Noticed Vashnia
 42028 | Snake:4  | Reached XP level 17. HP: 85/93 MP: 29/32
 44018 | Snake:4  | Got a serpentine rune of Zot
 44179 | Shoals:1 | Entered Level 1 of the Shoals
 44196 | Shoals:1 | Reached skill level 21 in Stealth
 45847 | Shoals:2 | Reached skill level 5 in Shields
 45887 | Shoals:2 | Found Ixoig's Book Boutique.
 45927 | Shoals:2 | Bought a book of Burglary for 1425 gold pieces
 45934 | Shoals:2 | Learned a level 6 spell: Invisibility
 45937 | Shoals:2 | Learned a level 2 spell: Passwall
 47254 | Shoals:4 | Entered Level 4 of the Shoals
 47999 | Shoals:4 | Reached XP level 18. HP: 63/98 MP: 7/34
 48031 | Shoals:4 | Slain by a catoblepas

Skill      XL: |  1  2  3  4  5  6  7  8  9 10 11 12 13 14 15 16 17 |
---------------+----------------------------------------------------+-----
Spellcasting   | 3 4 5 7 9 10 11 | 11.2
Hexes          | 4 5 6 7 9 10 11 12 | 12.0
Stealth        | 5 6 7 8 9 11 12 14 15 17 18 19 20 21 | 21.7
Fighting       | 1 2 4 5 6 7 8 9 10 11 12 | 12.5
Dodging        | 4 5 6 8 9 11 12 14 15 17 18 19 | 19.7
Short Blades   | 3 5 7 9 |  9.4
Summonings     | 1 4 6 7 8 |  8.8
Air Magic      | 2 4 |  4.0
Ice Magic      | 2 4 5 |  5.0
Shields        | 3 5 |  5.3

Action                   |  1- 3 |  4- 6 |  7- 9 | 10-12 | 13-15 | 16-18 || total
-------------------------+-------+-------+-------+-------+-------+-------++-------
Melee: Dagger            |    73 |   197 |   234 |   555 |  1111 |   645 ||  2815
       Short sword       |       |       |       |       |   155 |   483 ||   638
Throw: Stone             |       |       |       |     1 |     2 |     3 ||     6
 Cast: Corona            |     6 |       |       |       |       |       ||     6
       Ensorcelled Hiber |    12 |    31 |    53 |   145 |   251 |   111 ||   603
       Confuse           |     2 |    28 |    67 |   121 |   265 |   153 ||   636
       Dazzling Spray    |       |       |     8 |    27 |    55 |    41 ||   131
       Summon Lightning  |       |       |       |    15 |    35 |    70 ||   120
       Summon Ice Beast  |       |       |       |       |     7 |   119 ||   126
       Tukima's Dance    |       |       |       |       |       |    38 ||    38
       Invisibility      |       |       |       |       |       |     2 ||     2
Evoke: Wand              |       |       |       |     8 |     4 |       ||    12
  Use: Scroll            |       |     7 |     2 |    13 |    21 |    10 ||    53
       Potion            |       |       |       |     1 |       |     3 ||     4
 Stab: Sleeping          |    16 |    22 |    41 |   123 |   166 |    80 ||   448
       Confused          |     3 |    16 |    36 |    75 |   193 |    72 ||   395
       Distracted        |       |       |       |     1 |    10 |    28 ||    39
       Invisible         |       |       |       |     2 |     9 |     8 ||    19
  Eat: Ration            |       |     2 |     4 |     8 |    12 |     8 ||    34
Armor: Robe              |     6 |    11 |     8 |    12 |    64 |    48 ||   149
Dodge: Dodged            |    47 |   111 |   114 |   299 |   969 |   803 ||  2343
Block: Buckler           |       |       |       |       |    40 |   375 ||   415
       Reflection        |       |       |       |       |       |    40 ||    40
